 Dungeon Crawl Stone Soup version 0.31.0-11-ge490571c62 (webtiles) character file.

Game seed: 17769674576647994630

26 qw the Shooter (level 2, 0/16 HPs)
             Began as a Deep Elf Hunter on Feb 4, 2024.
             Slain by Terence
             ... wielding a +0 flail
              (9 damage)
             ... on level 2 of the Dungeon.
             The game lasted 00:00:02 (781 turns).

qw the Shooter (Deep Elf Hunter)                     Turns: 781, Time: 00:00:02

Health: 0/16       AC:  6    Str:  8    XL:     2   Next: 89%
Magic:  4/4        EV: 10    Int: 13    God:
Gold:   30         SH:  0    Dex: 18    Spells: 1/1 levels left

rFire   + . .        a - +0 shortbow
rCold   + . .        (shield currently unavailable)
rNeg    . . .        i - +0 ring mail
rPois   .            (no helmet)
rElec   .            d - scarf {rC+ rF+}
rCorr   .            e - +0 pair of gloves
SInv    .            (no boots)
Will    .....        (no amulet)
Stlth   +            (no ring)
HPRegen 0.22/turn    (no ring)
MPRegen 0.09/turn

%: no passive effects
@: no status effects
A: no striking features
a: no special abilities


You were on level 2 of the Dungeon.
You visited 1 branch of the dungeon, and saw 2 of its levels.

You collected 30 gold pieces.


   Skills:
 - Level 1.5 Fighting
 + Level 6.6 Ranged Weapons
 - Level 2.4 Dodging
 - Level 1.2 Stealth


You had one spell level left.
You didn't know any spells.
Your spell library was empty.

Inventory:

Hand Weapons
 a - a +0 shortbow (weapon)
Armour
 d - a scarf of resistance (worn)
 e - a +0 pair of gloves (worn)
 i - a +0 ring mail (worn)
Potions
 f - a potion of haste {unknown}
 g - a potion of curing {unknown}

Dungeon Overview and Level Annotations

Branches:
Dungeon (2/15)

Altars:

Annotations:
D:2 Terence


Message History

Waypoint 1 assigned to D:2.
You now have 19 gold pieces (gained 8).
There is a stone staircase leading up here.
You open the door.
There is an open door here.
You now have 30 gold pieces (gained 11).
Found a stone staircase leading up.
An adder comes into view.
The adder hisses angrily.
You shoot an arrow. The arrow hits the adder.
The adder is heavily wounded.
The adder bites you.
You shoot an arrow. The arrow hits the adder.
The adder is severely wounded.
The adder completely misses you.
You shoot an arrow. The arrow hits the adder.
The adder is almost dead.
The adder misses you. The adder bites you but does no damage.
You shoot an arrow. The arrow completely misses the adder.
The adder bites you but does no damage.
You shoot an arrow. The arrow hits the adder.
You kill the adder!
You start resting.
HP restored.
Found a long sword.
You see here a +0 long sword.
Terence the Incautious comes into view.
He is wielding a +0 flail.
Terence shouts!
You shoot an arrow. The arrow completely misses Terence.
You shoot an arrow. The arrow hits Terence!
Terence is moderately wounded.
Terence hits you with a +0 flail.
You shoot an arrow. The arrow hits Terence.
Terence is heavily wounded.
Terence hits you with a +0 flail.
You shoot an arrow. The arrow closely misses Terence.
Terence hits you with a +0 flail!
Ouch! That really hurt!
You die...
Terence says, "Rest in peace."

#..##.....# ##.# #..
##.##.# ...#
#..###.##.##. .#
#..###............ ...
..................
..###..###.........##.
........<..##.##....
#.###@..###.#.##.#
.###
#.....@.....#.##.# #
######...........#
#...##.#.##.#
.#######...##.#.##.#
...................#
.#######...##.#.##.#
#...####.####
#...####.# #........#


You could see Terence.

Vanquished Creatures
  An adder (D:2)
  A dart slug (D:1)
  A bat (D:1)
  An endoplasm (D:1)
  4 hobgoblins (D:1)
  3 kobolds (D:1)
  A ball python (D:1)
  2 frilled lizards (D:1)
  A rat (D:1)
15 creatures vanquished.

Notes
Turn   | Place    | Note
-------+----------+-------------------------------------------
     0 | D:1      | qw the Deep Elf Hunter began the quest for the Orb.
     0 | D:1      | Reached XP level 1. HP: 12/12 MP: 3/3
     0 | D:1      | 0 ||| qw: Version: 0.3-a-160-g6735b56
     0 | D:1      | 0 ||| qw: Game counter: 5563
     0 | D:1      | 0 ||| qw: Melee chars always use a shield: true
     0 | D:1      | 0 ||| qw: God list: Okawaru
     0 | D:1      | 0 ||| qw: Allow faded altars: false
     0 | D:1      | 0 ||| qw: Do Orc after clearing Dungeon:15 true
     0 | D:1      | 0 ||| qw: Do second Lair branch before Depths: true
     0 | D:1      | 0 ||| qw: Lair rune preference: random
     0 | D:1      | 0 ||| qw: Goals: Normal
     0 | D:1      | 0 ||| PLANNING D:1-11
   200 | D:1      | Reached XP level 2. HP: 16/16 MP: 4/4
   201 | D:1      | Reached skill level 6 in Ranged Weapons
   678 | D:1      | 678 ||| UPGRADING to scarf of resistance.
   683 | D:1      | 683 ||| UPGRADING to +0 pair of gloves.
   688 | D:1      | 688 ||| UPGRADING to +0 ring mail.
   698 | D:1      | 698 ||| DROPPING +0 leather armour.
   699 | D:1      | 699 ||| READING scroll labelled ZALUSK YFRUYTZO.
   700 | D:1      | 700 ||| DROPPING scroll of butterflies.
   777 | D:2      | Noticed Terence
   781 | D:2      | Slain by Terence

Levels and vault maps discovered:
D:1:      tarquinn_simple_flora_water_f, layout_loops_ring,
          minmay_misc_feat_diagonals, grunt_decor_clamped
D:2:      layout_basic, serial_glass, glass_columns_b, glass_columns_a,
          kennysheep_minor_cross, uniq_robin, uniq_jessica, uniq_sigmund,
          uniq_terence

Skill      XL: |  1  2 |
---------------+-------+-----
Ranged Weapons | 6 |  6.6
Fighting       | |  1.5
Dodging        | |  2.4
Stealth        | |  1.2

Action                     || total
---------------------------++-------
   Fire: Shortbow          ||    50
    Use: Scroll            ||     1
 Armour: Leather armour    ||     4
         Ring mail         ||     6
  Dodge: Dodged            ||    14

Table legend:
 A = Non-vault XP
 B = Vault XP
 C = Vault XP percentage of total XP
 D = Non-vault monster count
 E = Vault monster count
 F = Vault count percentage of total count
                 A         B        C        D         E       F
            +---------+---------+-------+---------+---------+-------
      Total |      38 |       0 |   0.0 |      15 |       0 |   0.0
            +---------+---------+-------+---------+---------+-------
        D:1 |      25 |       0 |   0.0 |      14 |       0 |   0.0
        D:2 |      13 |       0 |   0.0 |       1 |       0 |   0.0
            +---------+---------+-------+---------+---------+-------
